 Dungeon Crawl Stone Soup version 0.32-a0-361-g289a535e89 (webtiles) character file.

Game seed: 16896727421687706105

10063 CougarLife the Geomancer (level 11, -1/54 HPs)
             Began as a Gargoyle Earth Elementalist on Feb 18, 2024.
             Was an Elder of Vehumet.
             Slain by a cane toad (3 damage)
             ... on level 1 of the Lair of Beasts.
             The game lasted 00:16:46 (11059 turns).

CougarLife the Geomancer (GrEE)                    Turns: 11059, Time: 00:16:46

Health: -1/54      AC: 15    Str: 13    XL:     11   Next: 56%
Magic:  21/24      EV: 11    Int: 25    God:    Vehumet [****..]
Gold:   714        SH:  0    Dex: 10    Spells: 25/29 levels left

rFire   + . .        G - +2 dagger (speed)
rCold   . . .        (no shield)
rNeg    + . .        i - +2 robe {rF+}
rPois   ∞            w - +0 helmet
rElec   +            (no cloak)
rCorr   .            M - +0 pair of gloves
SInv    .            m - +0 pair of boots
Will    .....        f - amulet of magic regeneration
Stlth   ++           z - +6 ring of intelligence
HPRegen 0.29/turn    (no ring)
MPRegen 0.59/turn

%: no passive effects
@: no status effects
A: sickness immunity, AC +8, negative energy resistance 1, electricity
resistance, torment resistance 1, petrification resistance
a: Renounce Religion


You were on level 1 of the Lair of Beasts.
You worshipped Vehumet.
Vehumet was greatly pleased with you.
You visited 3 branches of the dungeon, and saw 13 of its levels.

You collected 714 gold pieces.

Inventory:

Hand Weapons
 G - a +2 dagger of speed (weapon)
Missiles
 F - 3 throwing nets
Armour
 i - a +2 robe of fire resistance (worn)
 m - a +0 pair of boots (worn)
 w - a +0 helmet (worn)
 K - +0 acid dragon scales
 M - a +0 pair of gloves (worn)
Jewellery
 f - an amulet of magic regeneration (around neck)
 q - a ring of fire
 z - a +6 ring of intelligence (left hand)
 O - a ring of magical power
Wands
 j - a wand of light (12)
 D - a wand of flame (18)
 I - a wand of mindburst (4)
 J - a wand of roots (10)
Scrolls
 c - 2 scrolls of poison {unknown}
 d - 6 scrolls of identify {unknown}
 e - a scroll of revelation {unknown}
 g - 2 scrolls of silence {unknown}
 h - 6 scrolls of noise {unknown}
 k - 2 scrolls of enchant armour {unknown}
 n - a scroll of amnesia {unknown}
 o - 3 scrolls of enchant weapon {unknown}
 p - 3 scrolls of blinking {unknown}
 s - 2 scrolls of immolation {unknown}
 v - 6 scrolls of teleportation {unknown}
 x - a scroll of vulnerability {unknown}
 y - 2 scrolls of torment {unknown}
 A - a scroll of fog {unknown}
 L - a scroll of fear {unknown}
Potions
 a - 4 potions of enlightenment {unknown}
 b - a potion of magic
 l - a potion of curing {unknown}
 r - 10 potions of heal wounds {unknown}
 t - 2 potions of attraction {unknown}
 u - a potion of might {unknown}
 B - 2 potions of ambrosia {unknown}
 C - 3 potions of degeneration {unknown}
 E - 2 potions of mutation {unknown}
 H - 2 potions of cancellation {unknown}
 N - a potion of brilliance {unknown}


   Skills:
 - Level 1.5 Dodging
 - Level 2.1 Stealth
 + Level 9.8 Spellcasting
 + Level 11.3 Conjurations
 + Level 12.7 Earth Magic


You had 25 spell levels left.
You knew the following spells:

 Your Spells              Type           Power      Damage    Failure   Level
a - Sandblast             Erth           100%       2d20      1%          1
b - Stone Arrow           Conj/Erth      100%       3d13      1%          3

Your spell library contained the following spells:

 Spells                   Type           Power      Damage    Failure   Level
 Iskenderun's Battlesphe  Conj           62%        2d11      1%          5
 Magic Dart               Conj           100%       1d8       1%          1
 Searing Ray              Conj           100%       2d8       1%          2
 Passwall                 Erth           66%        N/A       1%          3
 Brom's Barrelling Bould  Conj/Erth      64%        2d8       1%          4
 Fulminant Prism          Conj/Alch      20%        3d12      1%          4
 Petrify                  Alch/Erth      44%        N/A       3%          4
 Jinxbite                 Hex            24%        N/A       8%          2
 Gell's Gravitas          Tloc           12%        N/A       16%         3
 Teleport Other           Tloc           12%        N/A       16%         3
 Yara's Violent Unravell  Hex/Alch       6%         3d5       32%         5
 Dispersal                Tloc           6%         N/A       100%        6
 Enfeeble                 Hex            6%         N/A       100%        7


Dungeon Overview and Level Annotations

Branches:
Dungeon (11/15)            Temple (1/1) D:4            Lair (1/5) D:9
    Orc (0/2) D:11

Altars:
Ashenzari
Cheibriados
Dithmenos
Elyvilon
Fedhas
Gozag
Hepliaklqana
Kikubaaqudgha
Makhleb
Nemelex Xobeh
Okawaru
Qazlal
Ru
Sif Muna
Trog
Uskayaw
Vehumet
Wu Jian
Xom
Yredelemnul
Zin
The Shining One

Shops:
D:1 =   D:7 (


Innate Abilities, Weirdness & Mutations

You are immune to sickness and miasma.
Your stone body is resilient. (AC +8)
You are immune to poison.
You resist negative energy. (rN+)
You are resistant to electric shocks. (rElec)
You are resistant to unholy torment.
You are immune to petrification.


Message History

There is a staircase to the Lair here.
You climb downwards.
Welcome to the Lair of Beasts!
The cane toad croaks.
The cane toad gives a loud, deep croak!
Found a stone, a dark potion and 3 scrolls labelled ZOTUISTR GUCH.
There is a staircase back to the Dungeon here.
There are monsters nearby!
Okay, then.
Casting: Stone Arrow (safe; 1% risk of failure)
Confirm with . or Enter, or press ? or * to list all spells.
Aiming: Sandblast (safe; 1% risk of failure)
Press: ? - help, Shift-Dir - straight line, f - cane toad
Aim: a cane toad (87% to hit)
The blast of sand hits the cane toad!
The cane toad is moderately wounded.
The cane toad closely misses you.
Casting: Sandblast (safe; 1% risk of failure)
Confirm with . or Enter, or press ? or * to list all spells.
Aiming: Sandblast (safe; 1% risk of failure)
Press: ? - help, Shift-Dir - straight line, f/p - cane toad
Aim: a cane toad (moderately wounded, 87% to hit)
The blast of sand misses the cane toad.
The cane toad stings you! x2
Casting: Sandblast (safe; 1% risk of failure)
Confirm with . or Enter, or press ? or * to list all spells.
Aiming: Sandblast (safe; 1% risk of failure)
Press: ? - help, Shift-Dir - straight line, f/p - cane toad
Aim: a cane toad (moderately wounded, 87% to hit)
The blast of sand hits the cane toad!
The cane toad is severely wounded.
The cane toad stings you. The cane toad stings you!
The cane toad closely misses you. The cane toad stings you!
* * * LOW HITPOINT WARNING * * *
Casting: Sandblast (safe; 1% risk of failure)
Confirm with . or Enter, or press ? or * to list all spells.
Aiming: Stone Arrow (safe; 1% risk of failure)
Press: ? - help, Shift-Dir - straight line, f/p - cane toad
Aim: a cane toad (severely wounded, 81% to hit)
The stone arrow hits the cane toad!
The cane toad is almost dead.
The cane toad stings you.
You die...

##........?..
#............
##............
#.............
#............
#...........
##...........
#....@.....(#
##...FF....##
#...!....##
...#.....##
##.##....##
#.. ###### ...
.#


You could see 2 cane toads.

Vanquished Creatures
  Snorg (D:10)
  Pikel (D:7)
  An unseen horror (D:10)
  A rime drake (D:9)
  4 trolls
  A hornet (D:7)
  A shadow (D:10)
  A wyvern (D:9)
  A wraith (D:11)
  A steam dragon (D:8)
  A water moccasin (D:7)
  3 acid dragons
  A black bear (D:6)
  2 sky beasts
  5 orc warriors
  7 ice beasts
  2 wolves (D:9)
  7 ogres
  7 centaurs
  2 lemures (D:7)
  2 phantoms
  Blork the orc (D:4)
  3 bullfrogs
  A kobold brigand (D:6)
  A gnoll sergeant (D:6)
  3 scorpions
  8 wights
  6 killer bees (D:6)
  3 electric eels (D:6)
  2 howler monkeys
  5 hounds (D:6)
  3 jellies
  5 bombardier beetles
  7 orc priests
  7 gnoll boudas
  6 iguanas
  Jessica (D:2)
  A sleepcap (D:8)
  17 orc wizards
  27 gnolls
  4 adders
  A shadow imp (D:5)
  A white imp (D:8)
  2 ribbon worms (D:3)
  2 dart slugs
  43 orcs
  6 ball pythons
  5 endoplasms
  5 giant cockroaches
  4 goblins
  15 hobgoblins
  4 jackals
  6 quokkas
  6 bats
  2 frilled lizards
  13 kobolds
  4 rats
282 creatures vanquished.

Vanquished Creatures (others)
  A phantom (D:4)
  An adder (D:6)
2 creatures vanquished.

Grand Total: 284 creatures vanquished

Notes
Turn   | Place    | Note
-------+----------+-------------------------------------------
     0 | D:1      | CougarLife the Gargoyle Earth Elementalist began the quest
                  | for the Orb.
     0 | D:1      | Reached XP level 1. HP: 10/10 MP: 3/3
   130 | D:1      | Reached XP level 2. HP: 15/15 MP: 1/5
   249 | D:1      | Found Lajomad's Jewellery Shoppe.
   305 | D:1      | Reached skill level 4 in Earth Magic
   504 | D:1      | Reached XP level 3. HP: 19/19 MP: 3/6
  1092 | D:2      | Reached XP level 4. HP: 24/24 MP: 8/8
  1236 | D:2      | Noticed Jessica
  1238 | D:2      | Killed Jessica
  1244 | D:2      | Learned a level 3 spell: Stone Arrow
  1672 | D:3      | Reached XP level 5. HP: 28/28 MP: 7/9
  1809 | D:3      | Reached skill level 5 in Earth Magic
  2375 | D:4      | Reached XP level 6. HP: 23/32 MP: 9/11
  2442 | D:4      | Identified the flux talisman of the Eight Boll Weevils {Fly
                  | Str+4 Stlth-}
  2444 | D:4      | Noticed Blork the orc
  2454 | D:4      | Killed Blork the orc
  3140 | D:4      | Found a staircase to the Ecumenical Temple.
  3320 | Temple   | Entered the Ecumenical Temple
  3336 | Temple   | Became a worshipper of Vehumet
  3385 | D:5      | Entered Level 5 of the Dungeon
  3474 | D:5      | Reached skill level 6 in Earth Magic
  3474 | D:5      | Reached XP level 7. HP: 36/36 MP: 13/13
  3790 | D:5      | Reached skill level 5 in Conjurations
  4058 | D:6      | Reached skill level 5 in Spellcasting
  4058 | D:6      | Reached skill level 7 in Earth Magic
  4058 | D:6      | Reached XP level 8. HP: 41/41 MP: 13/15
  4086 | D:6      | Reached * piety under Vehumet
  4086 | D:6      | Offered knowledge of Foxfire by Vehumet.
  4549 | D:6      | Reached skill level 8 in Earth Magic
  4920 | D:6      | Reached XP level 9. HP: 44/45 MP: 18/18
  4946 | D:6      | Reached ** piety under Vehumet
  4965 | D:6      | Offered knowledge of Shock by Vehumet.
  5109 | D:6      | Reached skill level 9 in Earth Magic
  5609 | D:6      | HP: 2/45 [killer bee (2)]
  5886 | D:7      | Noticed Pikel
  6028 | D:7      | Found Liqora's Antique Weapon Emporium.
  6056 | D:7      | Reached skill level 10 in Earth Magic
  6185 | D:7      | Offered knowledge of Static Discharge by Vehumet.
  6225 | D:7      | Reached XP level 10. HP: 30/50 MP: 19/21
  6426 | D:7      | Killed Pikel
  6809 | D:8      | Found a sacrificial altar of Ru.
  7023 | D:8      | Reached *** piety under Vehumet
  7425 | D:8      | Reached skill level 11 in Earth Magic
  7958 | D:9      | Offered knowledge of Sticky Flame by Vehumet.
  7993 | D:9      | Found a staircase to the Lair.
  8015 | D:9      | Reached skill level 10 in Conjurations
  8790 | D:10     | Entered Level 10 of the Dungeon
  8807 | D:10     | Reached XP level 11. HP: 25/54 MP: 19/24
  9232 | D:10     | Reached skill level 12 in Earth Magic
  9305 | D:10     | Found a bloodstained altar of Trog.
  9405 | D:10     | Noticed Snorg
  9420 | D:10     | Killed Snorg
  9879 | D:11     | Found a staircase to the Orcish Mines.
  9890 | D:10     | Reached **** piety under Vehumet
 10612 | D:11     | Offered knowledge of Iskenderun's Battlesphere by Vehumet.
 11055 | Lair:1   | Entered Level 1 of the Lair of Beasts
 11058 | Lair:1   | HP: 2/54 [cane toad (15)]
 11059 | Lair:1   | Slain by a cane toad

Illustrated notes

Levels and vault maps discovered:
D:1:      heliophobic_arrival_dark_side_of_the_moon, layout_loops_ring,
          serial_shops, nicolae_shop_gaudy_bauble
D:2:      layout_basic, small_statue_intersection, uniq_jessica
D:3:      layout_loops_corners, hangedman_glass_teeth
D:4:      layout_basic, lemuel_temple_firewalk_b, uniq_blork_the_orc
D:5:      layout_loops_cross
D:6:      kennysheep_housing_project, layout_loops_ring, st_stairs_8,
          minivault_27, serial_bayou_ford_a, minmay_misc_feat_alley
D:7:      layout_gridville, serial_shops, shop, nicolae_zig_zag_zippers,
          uniq_pikel
D:8:      layout_rooms, nicolae_ru_awakened_eye
D:9:      layout_basic, hellmonk_lair_entry_icy
D:10:     layout_loops_ring, general_overflow_altar, uniq_snorg
D:11:     kennysheep_seaside_town, layout_cross, orc_0_dummy
Temple:   nicolae_temple_bog_church
Lair:1:   layout_cave_pods, grunt_megastairs_2

Skill      XL: |  1  2  3  4  5  6  7  8  9 10 11 |
---------------+----------------------------------+-----
Earth Magic    | 4 5 6 7 8 10 11 12 | 12.7
Conjurations   | 2 3 4 5 7 8 10 11 | 11.3
Spellcasting   | 3 4 5 6 7 9 |  9.8
Dodging        | |  1.5
Stealth        | |  2.1

Action                     |  1- 3 |  4- 6 |  7- 9 | 10-12 || total
---------------------------+-------+-------+-------+-------++-------
  Melee: Unarmed           |     8 |       |       |       ||     8
         Dagger            |     1 |     2 |     1 |    12 ||    16
   Cast: Sandblast         |    39 |    75 |   177 |   145 ||   436
         Stone Arrow       |       |     1 |    11 |    67 ||    79
   Stab: Sleeping          |     1 |       |       |       ||     1
 Armour: Robe              |     7 |    16 |   118 |   153 ||   294
  Dodge: Dodged            |    18 |    12 |   111 |    76 ||   217

Table legend: (Time is in decaauts)
 A = Elapsed time spent in this place.
 B = Non-inter-level travel time spent in this place.
 C = Inter-level travel time spent in this place.
 D = Time resting spent in this place.
 E = Time spent auto-exploring this place.
 F = Levels seen in this place.
 G = Mean time per level.
                   A        B        C        D        E       F      G
               +--------+--------+--------+--------+--------+-----+--------+
         Total |  11300 |  10719 |    581 |   2329 |   5627 |  13 |  869.2 |
       Dungeon |  11262 |  10697 |    565 |   2329 |   5627 |  11 | 1023.8 |
        Temple |     32 |     17 |     15 |      0 |      0 |   1 |   32.0 |
          Lair |      5 |      5 |      0 |      0 |      0 |   1 |    5.0 |
               +--------+--------+--------+--------+--------+-----+--------+

Top non-repeatable levels by time:
     D:6: 1814 daAuts
     D:9: 1220 daAuts
    D:11: 1113 daAuts
     D:7: 1078 daAuts
    D:10: 1063 daAuts
     D:1: 1056 daAuts
     D:4: 1052 daAuts
     D:8: 911 daAuts
     D:3: 834 daAuts
     D:5: 654 daAuts
     D:2: 463 daAuts
  Temple: 32 daAuts
  Lair:1: 5 daAuts
